 Dungeon Crawl Stone Soup version 0.29.1-13-g9f3cf754e1 (webtiles) character file.

Game seed: 1094384610026657583

24 cheesebisquit the Shooter (level 2, -1/25 HPs)
             Began as a Minotaur Hunter on Jan 21, 2023.
             Slain by Sigmund
             ... wielding a +2 scythe of freezing
              (13 damage)
             ... on level 2 of the Dungeon.
             The game lasted 00:04:30 (1383 turns).

cheesebisquit the Shooter (Minotaur Hunter)         Turns: 1383, Time: 00:04:31

Health: -1/25      AC:  3    Str: 15    XL:     2   Next: 79%
Magic:  1/1        EV: 12    Int: 12    God:
Gold:   71         SH:  0    Dex: 13    Spells: 1/1 levels left

rFire   . . .      SeeInvis .   a - +0 shortbow
rCold   . . .      Faith    .   (shield currently unavailable)
rNeg    . . .      Spirit   .   c - +0 leather armour
rPois   .          Reflect  .   (helmet restricted)
rElec   .          Harm     .   (no cloak)
rCorr   .          Rampage  .   (no gloves)
Will    .....                   (no boots)
Stlth   +.........              (no amulet)
HPRegen 0.08/turn               g - +6 ring of intelligence
MPRegen 0.07/turn               (no ring)

@: hasted, very quick
A: horns 2, retaliatory headbutt
a: no special abilities


You were on level 2 of the Dungeon.
You visited 1 branch of the dungeon, and saw 2 of its levels.

You collected 71 gold pieces.

Inventory:

Hand Weapons
 a - a +0 shortbow (weapon)
Armour
 c - a +0 leather armour (worn)
Jewellery
 g - a +6 ring of intelligence (left hand)
Scrolls
 b - 2 scrolls of immolation
 d - a scroll of teleportation {unknown}
 e - 2 scrolls of identify {unknown}
 i - a scroll of butterflies {unknown}
Potions
 h - a potion of magic {unknown}


   Skills:
 - Level 2.6 Fighting
 + Level 5.1 Ranged Weapons
 - Level 2.3 Dodging
 - Level 1.0 Stealth


You had one spell level left.
You didn't know any spells.
Your spell library contained the following spells:

 Spells                   Type           Power      Damage    Failure   Level
 Sandblast                Erth           0%         2d4       38%         1
 Passwall                 Tmut/Erth      0%         N/A       52%         2
 Stone Arrow              Conj/Erth      0%         3d7       77%         3


Dungeon Overview and Level Annotations

Branches:
Dungeon (2/15)

Altars:

Annotations:
D:2 Sigmund


Innate Abilities, Weirdness & Mutations

You have a pair of horns on your head.
You reflexively headbutt those who attack you in melee.


Message History

You bump into the rock wall.
You bump into the rock wall.
Sigmund hits you from afar with a +2 scythe of freezing.
Sigmund freezes you.
You're too confused to move!
You feel less confused.
Sigmund hits you from afar with a +2 scythe of freezing.
Sigmund freezes you.
There is a stone staircase leading up here.
Sigmund gestures wildly while chanting.
Sigmund flickers and vanishes!
Deactivating autopickup; reactivate with Ctrl-A.
You climb upwards.
Level annotation: exclusion: downstairs Reactivating autopickup.
There is a stone staircase leading down here.
You start resting.
HP restored.
There is a stone staircase leading down here.
You climb downwards.
Level annotation: Sigmund
There is a stone staircase leading up here.
i - a scroll labelled EWIARPH AKHLYBBA
Found an escape hatch in the ceiling.
Found 11 gold pieces.
Found 6 stones.
There is an escape hatch in the ceiling here.
A mysterious force pulls you upwards. The hatch slams shut behind you.
Done exploring.
There is a stone staircase leading down here.
You climb downwards.
Level annotation: Sigmund Sigmund shouts!
Sigmund hits you with a +2 scythe of freezing!
Sigmund freezes you.
There is a stone staircase leading up here.
It was a potion of haste.
You feel yourself speed up.
Sigmund hits you with a +2 scythe of freezing!
Ouch! That really hurt!
You die...

#.# ..# ..# #.#
###############.#
#.#.#..#.#..#.#.#
#.#.#.........#.#
#.#.#..........@#
#.#.#'#########@#
#.#.............#
#.##...##########
#.......#
##...#.#.#
.........#
##.##...##
##.##.#.###


You could see Sigmund.

Vanquished Creatures
  A ball python (D:1)
  A giant cockroach (D:1)
  A hobgoblin (D:1)
  8 jackals (D:1)
  4 kobolds (D:1)
  A bat (D:1)
  2 frilled lizards (D:1)
  2 goblins (D:1)
  2 rats (D:1)
22 creatures vanquished.

Notes
Turn   | Place    | Note
-------+----------+-------------------------------------------
     0 | D:1      | cheesebisquit the Minotaur Hunter began the quest for the
                  | Orb.
     0 | D:1      | Reached XP level 1. HP: 18/18 MP: 0/0
   299 | D:1      | Reached skill level 1 in Stealth
   464 | D:1      | Reached XP level 2. HP: 25/25 MP: 1/1
   647 | D:1      | Reached skill level 5 in Ranged Weapons
  1007 | D:2      | Noticed Sigmund
  1383 | D:2      | Slain by Sigmund

Illustrated notes

Levels and vault maps discovered:
D:1:      giann_horns, layout_rooms
D:2:      layout_basic, minmay_misc_feat_five, kennysheep_generic_room_16,
          uniq_sigmund

Skill      XL: |  1  2 |
---------------+-------+-----
Stealth        | 1 |  1.0
Ranged Weapons | 5 |  5.1
Fighting       | |  2.6
Dodging        | |  2.3

Action                   || total
-------------------------++-------
 Fire: Shortbow          ||    69
  Use: Potion            ||     1
Armor: Leather armour    ||    17
Dodge: Dodged            ||    29
